 Dungeon Crawl Stone Soup version 0.29-a0-330-g52719c12eb (webtiles) character file.

Game seed: 786996404562491755

1465 night the Archer (level 8, -2/61 HPs)
             Began as a Black Draconian Hunter on May 6, 2022.
             Was a Priest of Zin.
             Slain by a yak (11 damage)
             ... on level 6 of the Dungeon on May 9, 2022.
             The game lasted 00:09:43 (4990 turns).

night the Archer (Black Draconian Hunter)           Turns: 4990, Time: 00:09:44

Health: -2/61      AC:  6    Str: 13    XL:     8   Next: 48%
Magic:  12/12      EV: 12    Int: 17    God:    Zin [***...]
Gold:   207        SH:  0    Dex: 16    Spells: 7/7 levels left

rFire   . . .      SeeInvis .   l - +1 dagger (venom)
rCold   . . .      Faith    .   (no shield)
rNeg    . . .      Spirit   .   (body armour unavailable)
rPois   .          Reflect  .   (helmet restricted)
rElec   +          Harm     .   (no cloak)
rCorr   .          Rampage  .   (no gloves)
Will    .....                   (no boots)
Stlth   ++........              (no amulet)
HPRegen 0.20/turn               B - +6 ring of intelligence
MPRegen 0.13/turn               (no ring)

@: short of breath
A: breathe lightning, AC +6, unfitting armour, electricity resistance,
cold-blooded
a: Breathe Lightning, Renounce Religion, Recite, Vitalisation, Imprison, Donate
Gold


You were on level 6 of the Dungeon.
You worshipped Zin.
Zin was most pleased with you.
You visited 1 branch of the dungeon, and saw 6 of its levels.

You collected 229 gold pieces.
You donated 22 gold pieces to Zin.

Inventory:

Hand Weapons
 a - a +2 shortbow
 k - a +2 dagger of speed
 l - a +1 dagger of venom (weapon)
 m - a +0 battleaxe
 q - a +0 long sword
 D - the +8 arbalest of Propriety {penet, rElec Stlth+}
   (You took it off an orc on level 6 of the Dungeon)

   Any ammunition fired by it passes through the targets it hits, potentially
   hitting all targets in its path until it reaches maximum range.
   rElec:     It insulates you from electricity.
   Stlth:     It makes you more stealthy.
Missiles
 d - 132 stones (quivered)
 v - 2 javelins
 z - 8 poisoned darts
 C - 6 atropa-tipped darts
Jewellery
 n - a ring of fire
 o - the ring "Yfoed" {Contam *Corrode Fly rElec SInv}
   (You found it on level 3 of the Dungeon)

   [ring of flight]

   rElec:     It insulates you from electricity.
   SInv:      It lets you see invisible.
   Fly:       It grants you flight.
   Contam:    It causes magical contamination when unequipped.
   *Corrode:  It may corrode you when you take damage.
 w - an amulet of guardian spirit
 B - a +6 ring of intelligence (left hand)
Wands
 t - a wand of digging (3)
 u - a wand of iceblast (8)
 y - a wand of flame (17)
Scrolls
 b - 2 scrolls of immolation
 e - 2 scrolls of enchant armour
 g - 4 scrolls of holy word
 j - 2 scrolls of enchant weapon
 p - 2 scrolls of fear
 r - 2 scrolls of teleportation
 s - 3 scrolls of identify
 A - a scroll of blinking
Potions
 c - a potion of haste
 f - a potion of invisibility {unknown}
 h - a potion of might {unknown}
 i - a potion of mutation {unknown}
 x - 2 potions of cancellation {unknown}
 E - 2 potions of curing {unknown}


   Skills:
 - Level 2.1 Fighting
 * Level 8.8 Bows
 - Level 1.7 Dodging
 - Level 0.8 Stealth
 + Level 6.4 Invocations


You had 7 spell levels left.
You didn't know any spells.
Your spell library contained the following spells:

 Spells                   Type           Power      Damage    Failure   Level
 Magic Dart               Conj           0%         1d3       24%         1
 Call Imp                 Summ           0%         N/A       34%         2
 Mephitic Cloud           Conj/Pois/Air  0%         N/A       56%         3
 Ozocubu's Armour         Ice            0%         N/A       56%         3
 Metabolic Englaciation   Hex/Ice        0%         N/A       100%        5
 Simulacrum               Ice/Necr       0%         N/A       100%        6


Dungeon Overview and Level Annotations

Branches:
Dungeon (6/15)
 Temple: D:4-7

Altars:
Uskayaw
Zin


Innate Abilities, Weirdness & Mutations

You can breathe wild blasts of lightning.
Your glossy black scales are hard. (AC +6)
You cannot fit into any form of body armour.
You are resistant to electric shocks. (rElec)
You are cold-blooded and may be slowed by cold attacks.


Message History

You hear a shout! x8
You shoot an arrow. The arrow hits the yak.
The yak is severely wounded.
The yak gores you! x2
You are too injured to fight recklessly!
You are too injured to fight recklessly!
You are too injured to fight recklessly!
Shoot: a) +2 shortbow
Press: ? - help, Q - select action, (/) - cycle Shift-Dir - straight line, f/p - yak
Aim: a yak (severely wounded, 76% to hit)
You shoot an arrow. The arrow barely misses the yak.
The arrow closely misses the yak.
The yak gores you but does no damage.
Shoot: a) +2 shortbow
Press: ? - help, Q - select action, (/) - cycle Shift-Dir - straight line, f/p - yak
Aim: a yak (severely wounded, 76% to hit)
You shoot an arrow. The arrow hits the yak.
The yak is severely wounded.
The yak gores you.
Shoot: a) +2 shortbow
Press: ? - help, Q - select action, (/) - cycle Shift-Dir - straight line, f/p - yak
Aim: a yak (severely wounded, 76% to hit)
You shoot an arrow. The arrow barely misses the yak.
The arrow closely misses the yak.
The yak gores you but does no damage.
You are now empty-handed.
Your +1 dagger of venom begins to drip with poison!
l - a +1 dagger of venom (weapon)
The yak completely misses you.
You hit the yak.
The yak is poisoned.
You tail-slap the yak, but do no damage.
The yak is severely wounded.
The yak misses you. The yak attacks as you move away! The yak gores you!
* * * LOW HITPOINT WARNING * * *
The yak attacks as you move away! The yak closely misses you.
The yak attacks as you move away! The yak gores you.
* * * LOW HITPOINT WARNING * * *
The yak attacks as you move away! The yak gores you!
You die...

#........#
#...####.#
#.....# #.#
#...### #.#
#..... #.#
#..Y.. #Y#
#..... #.#
#......#####Y#
...........@.#
...#######


You could see 2 yaks.

Vanquished Creatures
  Sigmund (D:3)
  A yak (D:6)
  A water moccasin (D:6)
  A black bear (D:6)
  2 ogres
  2 phantoms (D:5)
  A kobold brigand (D:6)
  2 scorpions
  A hound (D:4)
  A jelly (D:5)
  An orc priest (D:3)
  Ijyb (D:3)
  An orc wizard (D:3)
  8 gnolls
  10 adders
  A river rat (D:5)
  A white imp (D:6)
  2 ufetubi (D:4)
  3 worms
  2 dart slugs
  7 orcs
  A bat (D:3)
  7 endoplasms
  4 giant cockroaches
  9 goblins
  6 hobgoblins
  17 jackals
  2 quokkas
  5 ball pythons
  4 frilled lizards
  10 kobolds
  6 rats
121 creatures vanquished.

Vanquished Creatures (others)
  3 plants (D:6)
  A withered plant (D:6)
4 creatures vanquished.

Grand Total: 125 creatures vanquished

Notes
Turn   | Place    | Note
-------+----------+-------------------------------------------
     0 | D:1      | night the Draconian Hunter began the quest for the Orb.
     0 | D:1      | Reached XP level 1. HP: 17/17 MP: 1/1
    56 | D:1      | Found a faded altar of an unknown god.
    71 | D:1      | Prayed at the altar of an unknown god.
    71 | D:1      | Became a worshipper of Zin the Law-Giver
    71 | D:1      | Reached * piety under Zin
   151 | D:1      | Reached XP level 2. HP: 24/24 MP: 2/2
   153 | D:1      | Reached skill level 4 in Bows
   261 | D:1      | Reached skill level 1 in Invocations
   656 | D:2      | Reached XP level 3. HP: 29/29 MP: 2/4
  1007 | D:2      | Reached ** piety under Zin
  1265 | D:3      | Reached skill level 2 in Invocations
  1268 | D:3      | Reached XP level 4. HP: 36/36 MP: 5/5
  1466 | D:3      | Reached skill level 5 in Bows
  1492 | D:3      | Identified the ring "Yfoed" {Contam *Corrode Fly rElec
                  | SInv}
  1516 | D:3      | Reached XP level 5. HP: 26/41 MP: 5/7
  1824 | D:2      | You fall into a shaft and drop 2 floors!
  2233 | D:3      | Noticed Sigmund
  2358 | D:3      | Killed Sigmund
  2359 | D:3      | Reached skill level 6 in Bows
  2359 | D:3      | Reached XP level 6. HP: 35/48 MP: 8/8
  2448 | D:3      | Noticed Ijyb
  2459 | D:3      | Killed Ijyb
  2932 | D:4      | Your scales start taking on a glossy black colour.
  2932 | D:4      | Reached XP level 7. HP: 55/55 MP: 10/10
  2932 | D:4      | Gained mutation: You are resistant to electric shocks.
                  | (rElec) [Black Draconian growth]
  3002 | D:4      | Reached skill level 7 in Bows
  3561 | D:5      | Entered Level 5 of the Dungeon
  3904 | D:5      | Reached skill level 5 in Invocations
  3949 | D:5      | Reached *** piety under Zin
  4167 | D:5      | Identified the +5 scale mail of Depression {Str+2 Int+5}
  4283 | D:5      | Reached XP level 8. HP: 61/61 MP: 12/12
  4299 | D:5      | Reached skill level 8 in Bows
  4435 | D:6      | Identified the +8 arbalest of Propriety {penet, rElec
                  | Stlth+}
  4714 | D:6      | Found a hide-covered altar of Uskayaw.
  4988 | D:6      | HP: 8/61 [yak (6)]
  4990 | D:6      | Slain by a yak

Illustrated notes

Levels and vault maps discovered:
D:1:      lightli_arrival_windingriver, layout_basic,
          shapermc_ecumenical_altar_gd, minmay_misc_feat_cross
D:2:      layout_basic
D:3:      layout_rooms, uniq_ijyb, uniq_sigmund
D:4:      layout_basic, hangedman_decor_riveting
D:5:      layout_basic, portal_sewer_entry_a
D:6:      layout_basic, nicolae_uskayaw_dance_studio,
          minmay_temple_entry_overgrown, gammafunk_ghost_grave

Skill      XL: |  1  2  3  4  5  6  7  8 |
---------------+-------------------------+-----
Bows           | 4 5 6 7 8 |  8.8
Invocations    | 1 2 3 4 5 6 |  6.4
Fighting       | |  2.1
Dodging        | |  1.7
Stealth        | |  0.8

Action                   |  1- 3 |  4- 6 |  7- 9 || total
-------------------------+-------+-------+-------++-------
Melee: Dagger            |       |       |     3 ||     3
       Tailslap          |       |       |     1 ||     1
 Fire: Shortbow          |    94 |   154 |   165 ||   413
Throw: Stone             |       |       |     2 ||     2
Invok: Vitalisation      |       |     1 |     1 ||     2
       Recite            |       |     1 |       ||     1
 Abil: Breathe Lightning |       |       |     4 ||     4
  Use: Scroll            |       |     7 |     2 ||     9
Armor: Skin              |    13 |    21 |    24 ||    58
Dodge: Dodged            |    46 |    48 |    55 ||   149

Table legend: (Time is in decaauts)
 A = Elapsed time spent in this place.
 B = Non-inter-level travel time spent in this place.
 C = Inter-level travel time spent in this place.
 D = Time resting spent in this place.
 E = Time spent auto-exploring this place.
 F = Levels seen in this place.
 G = Mean time per level.
                   A        B        C        D        E       F      G
               +--------+--------+--------+--------+--------+-----+--------+
         Total |   5072 |   4885 |    187 |    141 |   3937 |   6 |  845.3 |
       Dungeon |   5072 |   4885 |    187 |    141 |   3937 |   6 |  845.3 |
               +--------+--------+--------+--------+--------+-----+--------+

Top non-repeatable levels by time:
     D:2: 1095 daAuts
     D:3: 1016 daAuts
     D:4: 883 daAuts
     D:5: 801 daAuts
     D:1: 640 daAuts
     D:6: 634 daAuts
